 Dungeon Crawl Stone Soup version 0.19.1-1-g22dce08 (webtiles) character file.

24 UnluckyKarma the Insei (level 2, -4/21 HPs)
             Began as a Demonspawn Transmuter on Jan 10, 2017.
             Slain by a hobgoblin (5 damage)
             ... on level 1 of the Dungeon.
             The game lasted 00:10:25 (960 turns).

UnluckyKarma the Insei (Demonspawn Transmuter)       Turns: 960, Time: 00:10:26

Health: -4/21      AC:  4    Str: 10    XL:     2   Next: 79%
Magic:  5/5        EV: 12    Int: 14    God:
Gold:   42         SH:  0    Dex: 13    Spells: 2 memorised, 2 levels left

rFire  . . .     SeeInvis .     g - +1 dagger (speed)
rCold  . . .     Gourm    .     b - +0 robe
rNeg   . . .     Faith    .     (no shield)
rPois  .         Spirit   .     (no helmet)
rElec  .         Reflect  .     (no cloak)
rCorr  .         Harm     .     (no gloves)
MR     .....                    (no boots)
Stlth  ..........               (no amulet)
                                (no ring)
                                h - ring of loudness (curse) {Ringy}

@: no status effects
A: slimy green scales 1
a: no special abilities


You were on level 1 of the Dungeon.
You were full.

You visited 1 branch of the dungeon, and saw 1 of its levels.

You collected 42 gold pieces.

Inventory:

Hand Weapons
 g - a +1 dagger of speed (weapon)
Armour
 b - a +0 robe (worn)
Jewellery
 h - a cursed ring of loudness (left hand) {Ringy}
Scrolls
 a - a scroll of identify {unknown}
Potions
 e - 3 potions of heal wounds {unknown}
 f - a potion of resistance {unknown}
Books
 c - a book of Changes

   Spells                             Type                      Level
   a - Beastly Appendage              Transmutation                1
   b - Sticks to Snakes               Transmutation                2
   c - Spider Form                    Transmutation/Poison         3
   d - Ice Form                       Ice/Transmutation            4
   e - Blade Hands                    Transmutation                5


   Skills:
 + Level 1.1 Fighting
 + Level 0.8 Short Blades
 + Level 1.8 Dodging
 + Level 3.1 Unarmed Combat
 + Level 2.1 Spellcasting
 + Level 2.0 Transmutations


You had 2 spell levels left.
You knew the following spells:

 Your Spells              Type           Power        Failure   Level  Hunger
a - Beastly Appendage     Tmut           #.....       12%         1    #......
b - Sticks to Snakes      Tmut           #.......     17%         2    ###....


Dungeon Overview and Level Annotations

Branches:
Dungeon (1/15)

Altars:


Innate Abilities, Weirdness & Mutations

You are partially covered in slimy green scales. (AC +2)


Message History

The hobgoblin hits you but does no damage.
The hobgoblin misses you.
The hobgoblin hits you but does no damage.
The hobgoblin barely misses you. x2
The hobgoblin hits you with a club. The hobgoblin misses you.
The hobgoblin closely misses you. The hobgoblin barely misses you.
The hobgoblin hits you but does no damage.
The hobgoblin hits you. The hobgoblin barely misses you.
The hobgoblin hits you with a club. The hobgoblin hits you.
The hobgoblin hits you but does no damage.
The hobgoblin hits you. The hobgoblin closely misses you.
The hobgoblin hits you.
* * * LOW HITPOINT WARNING * * *
The hobgoblin closely misses you. The hobgoblin hits you.
* * * LOW HITPOINT WARNING * * *
The hobgoblin completely misses you. The hobgoblin hits you.
You die...

.## ..# #.# #.# #.# #.# ### #.#
#.##### #.. ..# #...g.# #.# ...
#$..g@# ##.####.## ##.....##
....##.. #?......# #.#.##.###
##### #.......# ####.#.##.#..
....# #.##.##.###..††.....#.#
###.#######.##.......†.######.#..
#†#.......#####.###.## #.##.
#.#>#####.#####.# #.# #..>.
#.#.............###.## ####.


You could see 2 hobgoblins.

Vanquished Creatures
  3 bats (D:1)
  2 giant cockroaches (D:1)
  4 goblins (D:1)
  2 hobgoblins (D:1)
  3 jackals (D:1)
  A frilled lizard (D:1)
  2 kobolds (D:1)
  4 rats (D:1)
21 creatures vanquished.

Notes
Turn   | Place    | Note
-------+----------+-------------------------------------------
     0 | D:1      | UnluckyKarma the Demonspawn Transmuter began the quest for the Orb.
     0 | D:1      | Reached XP level 1. HP: 15/15 MP: 3/3
   280 | D:1      | Gained mutation: You are partially covered in slimy green scales. (AC +2) [demonic ancestry]
   280 | D:1      | Reached XP level 2. HP: 17/21 MP: 5/5
   373 | D:1      | Reached skill level 3 in Unarmed Combat
   398 | D:1      | Learned a level 2 spell: Sticks to Snakes
   959 | D:1      | HP: 1/21 [hobgoblin (1)]
   960 | D:1      | Slain by a hobgoblin

Skill      XL: |  1  2 |
---------------+-------+-----
Transmutations | 2 |  2.0
Unarmed Combat | 3 |  3.1
Fighting       | |  1.1
Short Blades   | |  0.8
Dodging        | |  1.8
Spellcasting   | |  2.1

Action                   || total
-------------------------++-------
Melee: Unarmed           ||    15
       Dagger            ||    84
       Kick              ||     3
       Punch             ||     4
       Headbutt          ||     1
 Cast: Beastly Appendage ||     5
  Use: Scroll            ||     1
  Eat: Bread ration      ||     1
Armor: Robe              ||    68
Dodge: Dodged            ||   125
